 Dungeon Crawl Stone Soup version 0.20.1-1-g8b1a95d (webtiles) character file.

10905 WiZmei the Carver (level 12, -22/98 HPs)
             Began as a Formicid Fighter on Dec 4, 2017.
             Was a High Priest of Okawaru.
             Annihilated by an ettin
             ... wielding a +0 dire flail
              (35 damage)
             ... on level 1 of the Orcish Mines.
             The game lasted 00:44:44 (14249 turns).

WiZmei the Carver (Formicid Fighter)               Turns: 14249, Time: 00:44:45

Health: -22/98     AC: 19    Str: 24    XL:     12   Next: 1%
Magic:  12/12      EV: 11    Int: 10    God:    Okawaru [*****.]
Gold:   588        SH: 12    Dex: 17    Spells: 11/11 levels left

rFire    . . .     SeeInvis +   u - +7 demon blade (pain)
rCold    . . .     Gourm    .   c - +1 shield
rNeg     + . .     Faith    .   B - +0 plate armour
rPois    .         Spirit   .   (helmet unavailable)
rElec    .         Reflect  .   G - +0 cloak
rCorr    .         Harm     .   A - +0 pair of gloves
MR       +....                  s - +0 pair of boots
Stlth    ..........             (no amulet)
Regen    0.3/turn               o - ring of positive energy
MPRegen  0.2/turn               (no ring)

@: agile
A: permanent stasis, dig shafts and tunnels, four strong arms, antennae 3,
clever 1, sense surroundings 1
a: Dig, Shaft Self, Heroism, Finesse, Renounce Religion


You were on level 1 of the Orcish Mines.
You worshipped Okawaru.
Okawaru was extremely pleased with you.
You were not hungry.

You visited 2 branches of the dungeon, and saw 12 of its levels.
You also visited: Ossuary.

You collected 682 gold pieces.
You spent 94 gold pieces at shops.

Inventory:

Hand Weapons
 u - a +7 demon blade of pain (weapon)
Missiles
 m - a javelin of penetration
 L - 5 javelins of returning (quivered)
Armour
 c - a +1 shield (worn)
 s - a +0 pair of boots (worn)
 A - a +0 pair of gloves (worn)
 B - a +0 plate armour (worn)
 G - a +0 cloak (worn)
Jewellery
 o - a ring of positive energy (left hand)
Wands
 a - a wand of flame (13/48)
 b - a wand of acid (7/15)
 e - a wand of disintegration (11/24)
 y - a wand of acid (11/15)
 z - a wand of random effects (12/48)
 C - a wand of iceblast (7/15)
 H - a wand of disintegration (10/24)
 J - a wand of disintegration (0/24)
 K - a wand of polymorph (10/24)
 O - a wand of paralysis (14/24)
 P - a wand of clouds (2/9)
 Q - a wand of clouds (5/9)
Scrolls
 h - 2 scrolls of magic mapping
 j - 2 scrolls of identify
 l - 7 scrolls of remove curse
 n - a scroll of fog
 q - a scroll of recharging
 E - 3 scrolls of enchant armour
 F - 2 scrolls of fear
 I - a scroll of blinking {unknown}
 R - a scroll of brand weapon {unknown}
Potions
 d - a potion of invisibility {unknown}
 k - 3 potions of magic
 r - 2 potions of lignification {unknown}
 t - 2 potions of flight {unknown}
 v - a potion of agility
 w - 4 potions of brilliance
 x - a potion of ambrosia {unknown}
 D - 3 potions of mutation
 M - a potion of resistance {unknown}
Books
 N - a book of Geomancy

   Spells                             Type                      Level
   a - Sandblast                      Earth                        1
   b - Passwall                       Transmutation/Earth          2
   c - Stone Arrow                    Conjuration/Earth            3
   d - Petrify                        Transmutation/Earth          4
   e - Lee's Rapid Deconstruction     Earth                        5
Comestibles
 f - 5 bread rations
 g - 6 meat rations
 p - 28 fruits


   Skills:
 - Level 10.4 Fighting
 * Level 12.0 Long Blades
 * Level 10.6 Armour
 + Level 6.2 Shields


You had 11 spell levels left.
You didn't know any spells.

Dungeon Overview and Level Annotations

Branches:
Dungeon (11/15)            Temple (0/1) D:6            Lair (0/6) D:10
    Orc (1/2) D:10

Altars:
Cheibriados
Elyvilon
Gozag
Hepliaklqana
Kikubaaqudgha
Okawaru
Qazlal
Trog
Xom
The Shining One

Shops:
D:9 [


Innate Abilities, Weirdness & Mutations

You cannot be hasted, slowed, berserked, paralysed or teleported.
You can dig through walls and to a lower floor.
Your four strong arms can wield two-handed weapons with a shield.
You have a pair of large antennae on your head. (SInv)
Your mind is acute. (Int +2)
You passively map a small area around you.


Message History

Aiming: Polymorph (will waste charges)
Press: ? - help, Shift-Dir - straight line, f/p - ettin
Aim: an ettin, wielding two dire flails (lightly wounded, chance to defeat MR: 28%)
Okay, then.
As you read the scroll of fear, it crumbles to dust.
You assume a fearsome visage.
The ettin easily resists.
The ettin hits you with a dire flail. You block the ettin's attack.
There is a staircase back to the Dungeon here.
You feel agile all of a sudden. The ettin hits you with a dire flail!!
* * * LOW HITPOINT WARNING * * *
The ettin closely misses you.
An ogre comes into view. It is wielding a giant club.
The ogre shouts!
The ogre hits you but does no damage.
Found 3 gold pieces.
You block the ettin's attack. The ettin hits you but does no damage.
You block the ogre's attack. The ettin barely misses you.
The ettin hits you with a dire flail!!
You die...

## ### *####
##..####.####...##
#.....#...#.....$#
...........@.....# ,
..#........OC...##
,......#..........#
{ #.............##
*##.............# {
###..........>....#
##.#...............#
#.................##
*
##................##


You could see an ettin and an ogre.

Vanquished Creatures
  2 two-headed ogres
  2 unseen horrors
  An orc sorcerer (Orc:1)
  Psyche (D:10)
  3 trolls
  A hippogriff (D:9)
  Sigmund (D:2)
  5 yaks (D:10)
  Grum (D:9)
  3 hungry ghosts
  2 sky beasts
  5 orc warriors
  4 ice beasts
  8 ogres
  4 wolves (D:9)
  2 centaurs
  A crocodile (D:9)
  2 big kobolds
  3 bullfrogs
  An elf zombie (Ossuary)
  2 scorpions
  4 wights
  A water moccasin skeleton (D:9)
  10 killer bees
  4 howler monkeys
  A crimson imp (D:3)
  2 centaur zombies
  6 hounds
  3 jellies
  10 orc wizards
  8 orc priests
  2 centaur skeletons
  Terence (D:2)
  A bullfrog skeleton (D:9)
  An iguana (D:7)
  11 worker ants
  2 big kobold zombies (Ossuary)
  A hound zombie (D:8)
  A hound skeleton (D:7)
  2 mummies (Ossuary)
  2 worker ant zombies
  Robin (D:2)
  A howler monkey zombie (D:9)
  A howler monkey skeleton (D:4)
  6 gnolls
  16 adders
  A shadow imp (D:7)
  3 oozes
  2 adder skeletons
  A worm (D:4)
  3 dart slugs
  6 leopard geckos
  39 orcs
  6 giant cockroaches
  9 hobgoblins
  3 jackals (D:7)
  6 quokkas
  11 bats
  5 frilled lizards
  16 goblins
  3 goblin zombies (Ossuary)
  8 hobgoblin zombies (Ossuary)
  3 jackal skeletons
  2 jackal zombies (Ossuary)
  12 kobolds
  13 kobold zombies (Ossuary)
  6 orc zombies (Ossuary)
  5 rats (D:1)
  A rat zombie (Ossuary)
  2 bushes (D:2)
  A plant (D:2)
319 creatures vanquished.

Vanquished Creatures (others)
  A plant (D:2)
1 creature vanquished.

Grand Total: 320 creatures vanquished

Notes
Turn   | Place    | Note
-------+----------+-------------------------------------------
     0 | D:1      | WiZmei the Formicid Fighter began the quest for the Orb.
     0 | D:1      | Reached XP level 1. HP: 18/18 MP: 1/1
   306 | D:1      | Reached XP level 2. HP: 17/24 MP: 2/2
   616 | D:1      | Reached XP level 3. HP: 29/30 MP: 3/3
  1121 | D:2      | Reached XP level 4. HP: 32/37 MP: 4/4
  1201 | D:2      | Noticed Sigmund
  1227 | D:2      | Killed Sigmund
  1227 | D:2      | Reached skill level 5 in Fighting
  1227 | D:2      | Reached skill level 5 in Shields
  1227 | D:2      | Reached XP level 5. HP: 8/44 MP: 5/5
  1227 | D:2      | Reached XP level 6. HP: 9/51 MP: 6/6
  1503 | D:2      | Noticed Robin
  1518 | D:2      | Reached skill level 3 in Long Blades
  1524 | D:2      | Killed Robin
  1933 | D:2      | Found an iron altar of Okawaru.
  1933 | D:2      | Found an opulent altar of Gozag.
  1933 | D:2      | Found a stormy altar of Qazlal.
  1986 | D:2      | Became a worshipper of Warmaster Okawaru
  2421 | D:2      | Noticed Terence
  2435 | D:2      | Killed Terence
  3008 | D:3      | Reached XP level 7. HP: 47/56 MP: 7/7
  3461 | D:4      | Found a sand-covered staircase.
  3466 | Ossuary  | Entered an ossuary
  4004 | Ossuary  | Reached skill level 4 in Long Blades
  4081 | Ossuary  | Reached skill level 5 in Armour
  4383 | D:4      | Reached * piety under Okawaru
  4384 | D:4      | Reached XP level 8. HP: 37/64 MP: 8/8
  4723 | D:4      | Reached skill level 5 in Long Blades
  5233 | D:5      | Entered Level 5 of the Dungeon
  5274 | D:5      | Reached skill level 6 in Long Blades
  5476 | D:5      | Found a shimmering altar of Xom.
  5593 | D:5      | Reached ** piety under Okawaru
  5943 | D:5      | Reached XP level 9. HP: 42/72 MP: 9/9
  6566 | D:6      | Found a glowing golden altar of the Shining One.
  6664 | D:6      | Found a snail-covered altar of Cheibriados.
  6815 | D:6      | Reached skill level 7 in Long Blades
  6904 | D:6      | Found a staircase to the Ecumenical Temple.
  8131 | D:7      | Noticed an unseen horror
  8150 | D:7      | Killed an unseen horror
  8150 | D:7      | Reached *** piety under Okawaru
  8150 | D:7      | Reached skill level 8 in Long Blades
  8267 | D:7      | Noticed a troll
  8285 | D:7      | Killed a troll
  8285 | D:7      | Reached XP level 10. HP: 30/80 MP: 10/10
  8697 | D:7      | Reached skill level 9 in Long Blades
  8775 | D:7      | Reached **** piety under Okawaru
  9660 | D:8      | Noticed a two-headed ogre
  9920 | D:8      | Found a hazy altar of Hepliaklqana.
 10025 | D:8      | Found a shimmering altar of Xom.
 10130 | D:8      | Found a white marble altar of Elyvilon.
 10130 | D:8      | Found a glowing golden altar of the Shining One.
 10336 | D:8      | Killed a two-headed ogre
 10336 | D:8      | Reached skill level 10 in Long Blades
 11098 | D:9      | Found Hesor's Antique Armour Shoppe.
 11111 | D:9      | Reached ***** piety under Okawaru
 11198 | D:9      | Bought a pair of gloves for 94 gold pieces
 11519 | D:9      | Reached XP level 11. HP: 79/89 MP: 11/11
 11705 | D:9      | Noticed a two-headed ogre
 11716 | D:9      | Gained mutation: You expend magic power (3 MP) to strengthen your wands. [potion of mutation]
 11716 | D:9      | Gained mutation: Your movements are slightly less encumbered by armour. (ER -2) [potion of mutation]
 11716 | D:9      | Gained mutation: You are resistant to hostile enchantments. (MR+) [potion of mutation]
 11716 | D:9      | Gained mutation: Your mind is acute. (Int +2) [potion of mutation]
 11749 | D:9      | Killed a two-headed ogre
 11873 | D:9      | Lost mutation: Your mind is acute. (Int +2) [potion of mutation]
 11873 | D:9      | Lost mutation: Your movements are slightly less encumbered by armour. (ER -2) [potion of mutation]
 11873 | D:9      | Lost mutation: You expend magic power (3 MP) to strengthen your wands. [potion of mutation]
 11873 | D:9      | Lost mutation: You are resistant to hostile enchantments. (MR+) [potion of mutation]
 11873 | D:9      | Gained mutation: Your mind is acute. (Int +2) [potion of mutation]
 11873 | D:9      | Gained mutation: You passively map a small area around you. [potion of mutation]
 11952 | D:9      | Found an ancient bone altar of Kikubaaqudgha.
 12000 | D:9      | Reached skill level 11 in Long Blades
 12283 | D:9      | Reached skill level 10 in Fighting
 12403 | D:9      | Noticed Grum
 12427 | D:9      | Killed Grum
 12455 | D:9      | Received a gift from Okawaru
 12877 | D:10     | Entered Level 10 of the Dungeon
 13113 | D:10     | Noticed an unseen horror
 13128 | D:10     | Killed an unseen horror
 13128 | D:10     | Received a gift from Okawaru
 13128 | D:10     | Reached skill level 10 in Armour
 13202 | D:10     | Found a bloodstained altar of Trog.
 13245 | D:10     | Found a staircase to the Lair.
 13753 | D:10     | Noticed Psyche
 13759 | D:10     | Killed Psyche
 13924 | D:10     | Found a staircase to the Orcish Mines.
 13971 | Orc:1    | Entered Level 1 of the Orcish Mines
 14099 | Orc:1    | Reached skill level 12 in Long Blades
 14186 | Orc:1    | Noticed an orc sorcerer
 14195 | Orc:1    | Killed an orc sorcerer
 14195 | Orc:1    | Reached XP level 12. HP: 98/98 MP: 12/12
 14217 | Orc:1    | Noticed an ettin
 14249 | Orc:1    | Annihilated by an ettin

Skill      XL: |  1  2  3  4  5  6  7  8  9 10 11 |
---------------+----------------------------------+-----
Shields        | 4 5 6 |  6.2
Fighting       | 4 5 6 7 8 9 10 | 10.4
Armour         | 4 5 6 7 9 10 | 10.6
Long Blades    | 3 4 6 8 10 12 | 12.0

Action                   |  1- 3 |  4- 6 |  7- 9 | 10-12 || total
-------------------------+-------+-------+-------+-------++-------
Melee: Long sword        |    88 |   280 |   414 |       ||   782
       Dagger            |    12 |       |       |       ||    12
       Rapier            |       |       |    60 |   133 ||   193
       Scimitar          |       |       |       |   284 ||   284
       Demon blade       |       |       |       |   100 ||   100
Throw: Javelin           |       |       |    20 |    45 ||    65
 Abil: Dig               |       |       |     2 |       ||     2
Evoke: Wand              |       |       |     2 |     4 ||     6
  Use: Potion            |       |     1 |     3 |     9 ||    13
       Scroll            |       |       |    10 |     6 ||    16
 Stab: Paralysed         |       |       |     2 |       ||     2
  Eat: Chunk             |     1 |     7 |    13 |    12 ||    33
       Royal jelly       |       |       |     2 |     1 ||     3
       Fruit             |       |       |       |    10 ||    10
       Bread ration      |       |       |       |     2 ||     2
Armor: Scale mail        |    70 |    76 |    64 |       ||   210
       Plate armour      |       |       |   154 |   234 ||   388
Dodge: Dodged            |    51 |    82 |   102 |   102 ||   337
Block: Shield            |    67 |   138 |   227 |   320 ||   752
       Rpst.: Long sword |    18 |    29 |    34 |       ||    81
       Scimitar          |       |       |       |     9 ||     9
       Demon blade       |       |       |       |     5 ||     5
